 Dungeon Crawl Stone Soup version 0.27.1-2-g3b301248ec (webtiles) character file.

Game seed: 6956911444644676337

4344 Borgoz the Fighter (level 10, 0/65 HPs)
             Began as a Gargoyle Fighter on Sept 28, 2021.
             Was a Follower of Okawaru.
             Slain by a manticore (5 damage)
             ... on level 8 of the Dungeon.
             The game lasted 00:09:39 (8485 turns).

Borgoz the Fighter (Gargoyle Fighter)               Turns: 8485, Time: 00:09:40

Health: 0/65       AC: 20    Str: 21    XL:     10   Next: 34%
Magic:  10/11      EV: 14    Int:  8    God:    Okawaru [*.....]
Gold:   387        SH: 18    Dex: 18    Spells: 9/9 levels left

rFire    + . .     SeeInvis .   k - +2 whip (elec)
rCold    . . .     Faith    .   c - +0 kite shield
rNeg     + . .     Spirit   .   b - +0 scale mail
rPois    ∞         Reflect  +   (no helmet)
rElec    +         Harm     .   u - +0 cloak
rCorr    .         Rampage  .   (no gloves)
Will     .....                  i - +0 pair of boots
Stlth    ++........             A - amulet of reflection
HPRegen  0.20/turn              F - +6 ring of dexterity
MPRegen  0.12/turn              d - ring of protection from fire

@: heroic
A: sickness immunity, AC +7, negative energy resistance 1, electricity
resistance, torment resistance 1, petrification resistance
a: Renounce Religion, Heroism


You were on level 8 of the Dungeon.
You worshipped Okawaru.
Okawaru was aware of your devotion.
You visited 2 branches of the dungeon, and saw 9 of its levels.

You collected 387 gold pieces.

Inventory:

Hand Weapons
 a - a +0 flail
 k - a +2 whip of electrocution (weapon)
 x - the +6 trident of Duty {elec, *Noise rElec rN++}
   (You found it on level 6 of the Dungeon)

   It occasionally discharges a powerful burst of electricity upon striking a
   foe.
   rElec:     It insulates you from electricity.
   rN:        It greatly protects you from negative energy.
   *Noise:    It may make noises in combat.
 C - a +3 dire flail
Missiles
 p - a throwing net (quivered)
Armour
 b - a +0 scale mail (worn)
 c - a +0 kite shield (worn)
 i - a +0 pair of boots (worn)
 u - a +0 cloak (worn)
Jewellery
 d - a ring of protection from fire (right hand)
 m - a ring of flight
 q - a +4 ring of protection
 v - a ring of positive energy
 A - an amulet of reflection (around neck)
 F - a +6 ring of dexterity (left hand)
Wands
 j - a wand of digging (5)
 B - a wand of polymorph (5)
 D - a wand of flame (26)
 G - a wand of acid (7)
Scrolls
 e - 2 scrolls of brand weapon {unknown}
 g - a scroll of holy word {unknown}
 n - 3 scrolls of noise {unknown}
 s - a scroll of enchant armour {unknown}
 t - a scroll of enchant weapon {unknown}
 w - a scroll of amnesia
 y - a scroll of fear {unknown}
 z - a scroll of summoning {unknown}
 E - a scroll of fog {unknown}
Potions
 f - 2 potions of cancellation
 h - a potion of resistance {unknown}
 o - a potion of heal wounds {unknown}
 r - 3 potions of haste


   Skills:
 * Level 8.8(13.8) Fighting
 * Level 7.6(12.6) Maces & Flails
 * Level 8.6(13.6) Armour
 + Level 3.9(8.9) Dodging
 + Level 1.8(6.8) Stealth
 + Level 6.2(11.2) Shields
 + Level 1.6 Invocations
 + Level 1.2 Evocations


You had 9 spell levels left.
You didn't know any spells.
Your spell library contained the following spells:

 Spells                   Type           Power      Damage    Failure   Level
 Call Canine Familiar     Summ           0%         N/A       99%         3
 Ignite Poison            Fire/Tmut/Pois 0%         N/A       99%         3
 Mephitic Cloud           Conj/Pois/Air  0%         N/A       99%         3
 Portal Projectile        Hex/Tloc       0%         N/A       99%         3
 Leda's Liquefaction      Hex/Erth       0%         N/A       100%        4
 Bolt of Magma            Conj/Fire/Erth 0%         4d4       100%        5
 Malign Gateway           Summ/Tloc      0%         N/A       100%        7
 Summon Horrible Things   Summ           0%         N/A       100%        8


Dungeon Overview and Level Annotations

Branches:
Dungeon (8/15)             Temple (1/1) D:7
   Lair: D:8-11

Altars:
Ashenzari
Cheibriados
Dithmenos
Elyvilon
Fedhas
Gozag
Hepliaklqana
Kikubaaqudgha
Makhleb
Nemelex Xobeh
Okawaru
Qazlal
Ru
Sif Muna
Trog
Uskayaw
Vehumet
Wu Jian
Xom
Yredelemnul
Zin
The Shining One

Shops:
D:2 (   D:4 *   D:6 [


Innate Abilities, Weirdness & Mutations

You are immune to sickness and miasma.
Your stone body is resilient. (AC +7)
You are immune to poison.
You resist negative energy. (rN+)
You are resistant to electric shocks. (rElec)
You are resistant to unholy torment.
You are immune to petrification.


Message History

You hit the shadow but do no damage.
The shadow is severely damaged.
You block the shadow's attack. The manticore barely misses you.
The manticore closely misses you. You block the manticore's attack.
You hit the shadow but do no damage.
The shadow is severely damaged.
You closely miss the shadow.
The shadow is severely damaged.
You block the manticore's attack. x2; The manticore barely misses you.
The shadow closely misses you.
You hit the shadow.
The shadow is severely damaged.
You hit the shadow but do no damage. Lightning courses through the shadow!
You destroy the shadow!
Okawaru accepts your kill. You block the manticore's attack.
The manticore claws you but does no damage.
The manticore claws you.
You hit the manticore but do no damage.
Your scale mail prevents you from hitting the manticore.
The manticore closely misses you. The manticore barely misses you.
The manticore claws you but does no damage.
You hit the manticore.
The manticore is lightly wounded.
You hit the manticore.
The manticore is moderately wounded.
The manticore bites you!
* * * LOW HITPOINT WARNING * * *
The manticore claws you but does no damage.
You block the manticore's attack.
You closely miss the manticore.
The manticore is moderately wounded.
You completely miss the manticore.
The manticore is moderately wounded.
The manticore bites you!
* * * LOW HITPOINT WARNING * * *
The manticore claws you.
* * * LOW HITPOINT WARNING * * *
The manticore claws you.
You die...

#.#.....#
#.#..
#.#####.#
#...( #.#
#.# #####
#.# #..
#.########
####.....#
#.....##.#
#.....#
#...@.#
#..H.).#
#......#
#........
#.....####
#.....#
##....$
#.....


You could see a manticore.

Vanquished Creatures
  Erica (D:8)
  Pikel (D:5)
  Sigmund (D:5)
  A shadow (D:8)
  A steam dragon (D:6)
  2 water moccasins
  A necrophage (D:4)
  3 sky beasts
  2 orc warriors
  3 ogres
  A centaur (D:8)
  2 phantoms (D:5)
  2 kobold brigands (D:6)
  A gnoll sergeant (D:6)
  A wyvern zombie (D:7)
  A scorpion (D:4)
  4 killer bees (D:8)
  4 wights (D:7)
  2 centaur zombies (D:8)
  4 hounds
  Crazy Yiuf (D:5)
  A centaur skeleton (D:6)
  2 gnoll shamans
  A jelly (D:6)
  Jessica (D:3)
  4 iguanas
  4 orc wizards
  A scorpion zombie (D:5)
  2 killer bee zombies
  A howler monkey zombie (D:7)
  17 gnolls
  A howler monkey skeleton (D:6)
  2 adders
  A shadow imp (D:5)
  An adder skeleton (D:4)
  A dart slug (D:1)
  16 orcs
  7 ball pythons
  7 bats
  9 endoplasms
  4 giant cockroaches
  5 goblins
  11 hobgoblins
  8 jackals
  A quokka (D:4)
  5 frilled lizards
  14 kobolds
  5 rats
171 creatures vanquished.

Vanquished Creatures (others)
  An adder (D:6)
1 creature vanquished.

Grand Total: 172 creatures vanquished

Notes
Turn   | Place    | Note
-------+----------+-------------------------------------------
     0 | D:1      | Borgoz the Gargoyle Fighter began the quest for the Orb.
     0 | D:1      | Reached XP level 1. HP: 14/14 MP: 1/1
   171 | D:1      | Reached XP level 2. HP: 16/19 MP: 2/2
   415 | D:1      | Reached XP level 3. HP: 4/23 MP: 3/3
   415 | D:1      | HP: 1/23 [hobgoblin (4)]
  1824 | D:2      | Reached XP level 4. HP: 29/29 MP: 4/4
  1873 | D:2      | Found a stormy altar of Qazlal.
  1901 | D:2      | Found Deppirar's Weapon Shoppe.
  1920 | D:2      | Found a faded altar of an unknown god.
  2393 | D:3      | Noticed Jessica
  2405 | D:3      | Killed Jessica
  2577 | D:3      | Reached XP level 5. HP: 14/33 MP: 5/5
  3336 | D:4      | Reached XP level 6. HP: 22/39 MP: 6/6
  3603 | D:4      | Reached skill level 1 in Dodging
  3698 | D:4      | Noticed a necrophage
  3719 | D:4      | Killed a necrophage
  3809 | D:4      | Found Deyfip's General Store.
  3883 | D:4      | Noticed an orc warrior
  3892 | D:4      | Killed an orc warrior
  3893 | D:4      | Reached skill level 5 in Fighting
  3893 | D:4      | Reached skill level 5 in Armour
  3893 | D:4      | Reached XP level 7. HP: 23/44 MP: 7/7
  4468 | D:5      | Entered Level 5 of the Dungeon
  4592 | D:5      | Noticed Sigmund
  4614 | D:5      | Killed Sigmund
  4615 | D:5      | Reached skill level 5 in Shields
  4615 | D:5      | Reached XP level 8. HP: 33/51 MP: 8/8
  4756 | D:5      | Reached skill level 5 in Maces & Flails
  5049 | D:5      | Noticed Pikel
  5066 | D:5      | Killed Pikel
  5077 | D:5      | Reached XP level 9. HP: 36/57 MP: 9/9
  5322 | D:5      | Found a shimmering blue altar of Sif Muna.
  5409 | D:5      | Found a runed translucent door.
  5410 | D:5      | Noticed Crazy Yiuf
  5527 | D:5      | Killed Crazy Yiuf
  5934 | D:6      | Found Warret Leru's Armour Boutique.
  6088 | D:6      | Identified the +6 trident of Duty {elec, *Noise rElec rN++}
  7421 | D:7      | Found a staircase to the Ecumenical Temple.
  7438 | Temple   | Entered the Ecumenical Temple
  7638 | Temple   | Became a worshipper of Warmaster Okawaru
  7962 | D:8      | Reached XP level 10. HP: 61/65 MP: 10/10
  8069 | D:8      | Reached skill level 1 in Stealth
  8196 | D:8      | Noticed Erica
  8220 | D:8      | Killed Erica
  8220 | D:8      | Reached * piety under Okawaru
  8221 | D:8      | Reached skill level 1 in Invocations
  8221 | D:8      | Reached skill level 1 in Evocations
  8463 | D:8      | Noticed a manticore
  8485 | D:8      | Slain by a manticore

Illustrated notes

Levels and vault maps discovered:
D:1:      kilobyte_arrival_exit_the_forest, layout_rooms
D:2:      layout_rooms, basic_altar, serial_shops, nicolae_shop_crystal,
          basic_ecumenical_altar, small_statue_intersection
D:3:      layout_basic, uniq_jessica
D:4:      layout_loops_ring, serial_shops, nicolae_take_the_stairs
D:5:      layout_cave_pools, old_standard_altar, uniq_crazy_yiuf_cottage,
          uniq_sigmund, uniq_pikel
D:6:      layout_basic, serial_shops, shop, serial_bayou_pond_a, hex_tiny
D:7:      layout_rooms, minmay_temple_entry_glassed_door
D:8:      layout_basic, bh_walls_and_bars, uniq_erica
Temple:   minmay_crystal_snake_temple

Skill      XL: |  1  2  3  4  5  6  7  8  9 10 |
---------------+-------------------------------+-----
Fighting       | 4 5 6 7 8 |  8.8
Maces & Flails | 3 4 5 7 |  7.6
Armour         | 4 5 6 8 |  8.6
Shields        | 4 5 6 |  6.2
Dodging        | 1 2 3 |  3.9
Stealth        | 1 |  1.8
Invocations    | 1 |  1.6
Evocations     | 1 |  1.2

Action                   |  1- 3 |  4- 6 |  7- 9 | 10-12 || total
-------------------------+-------+-------+-------+-------++-------
Melee: Flail             |   129 |   190 |   179 |       ||   498
       Whip              |       |       |   247 |    76 ||   323
Throw: Throwing net      |       |       |     2 |       ||     2
Invok: Heroism           |       |       |       |     1 ||     1
  Use: Potion            |       |     1 |     3 |     2 ||     6
       Scroll            |       |     1 |     3 |       ||     4
Armor: Scale mail        |   107 |    93 |   241 |    45 ||   486
Dodge: Dodged            |    70 |    71 |   154 |    37 ||   332
Block: Kite shield       |    98 |   114 |   236 |    58 ||   506
       Reflection        |       |       |       |     3 ||     3
